 Dungeon Crawl Stone Soup version 0.22-a0-525-gf69a080 (webtiles) character file.

28 4thArraOfDagon the Magician (level 2, -4/19 HPs)
             Began as a Mummy Fire Elementalist on June 20, 2018.
             Was an Initiate of Ru.
             Slain by a worker ant (5 damage)
             ... on level 2 of the Dungeon.
             The game lasted 00:02:00 (746 turns).

4thArraOfDagon the Magician (MuFE)                   Turns: 746, Time: 00:02:00

Health: -4/19      AC:  2    Str: 11    XL:     2   Next: 96%
Magic:  0/6        EV: 12    Int: 14    God:    Ru [......]
Gold:   72         SH:  0    Dex: 12    Spells: 6/7 levels left

rFire    x . .     SeeInvis .   h - +1 dagger (flame)
rCold    + . .     Gourm    .   (no shield)
rNeg     + + +     Faith    .   a - +0 robe
rPois    ∞         Spirit   .   (no helmet)
rElec    .         Reflect  .   (no cloak)
rCorr    .         Harm     .   (no gloves)
MR       .....                  (no boots)
Stlth    ++........             (no amulet)
HPRegen  0.06/turn              (no ring)
MPRegen  0.10/turn              (no ring)

@: very slightly contaminated
A: no food or potions, fire vulnerability, cold resistance 1, negative energy
resistance 3, torment resistance, unbreathing
a: Renounce Religion


You were on level 2 of the Dungeon.
You worshipped Ru.
Ru was noncommittal.
You were not hungry.

You visited 1 branch of the dungeon, and saw 3 of its levels.

You collected 72 gold pieces.

Inventory:

Hand Weapons
 f - a +0 mace
 h - a +1 dagger of flaming (weapon)
Missiles
 g - 4 curare-tipped needles
Armour
 a - a +0 robe (worn)
 b - a +0 cloak
Scrolls
 c - a scroll of identify
 d - 2 scrolls of remove curse
 e - a scroll of magic mapping


   Skills:
 - Level 1.5 Dodging
 - Level 1.5 Stealth
 + Level 3.1 Spellcasting
 * Level 1.6 Conjurations
 * Level 2.8 Fire Magic


You had 6 spell levels left.
You knew the following spells:

 Your Spells              Type           Power        Failure   Level  Hunger
a - Flame Tongue          Conj/Fire      #....        9%          1    N/A

Your spell library contained the following spells:

 Spells                   Type           Power        Failure   Level  Hunger
 Fireball                 Conj/Fire      #.........   93%         5    N/A
 Conjure Flame            Conj/Fire      #.......     26%         3    N/A
 Throw Flame              Conj/Fire      #.....       13%         2    N/A
 Sticky Flame             Conj/Fire      #.......     63%         4    N/A
 Inner Flame              Hex/Fire       #.......     34%         3    N/A

Dungeon Overview and Level Annotations

Branches:
Dungeon (3/15)

Altars:
Ru


Innate Abilities, Weirdness & Mutations

You do not eat or drink.
Your flesh is vulnerable to fire.
You are immune to poison.
Your flesh is cold resistant. (rC+)
You are immune to negative energy. (rN+++)
You are immune to unholy pain and torment.
You can survive without breathing.


Message History

Casting: Flame Tongue (safe; 9% risk of failure)
Confirm with . or Enter, or press ? or * to list all spells.
Aiming: Flame Tongue (safe; 9% risk of failure)
Press: ? - help, Shift-Dir - straight line, f/p - worker ant
Aim: a worker ant (heavily wounded)
The flame tongue misses the worker ant.
The worker ant bites you.
* * * LOW HITPOINT WARNING * * *
Casting: Flame Tongue (safe; 9% risk of failure)
Confirm with . or Enter, or press ? or * to list all spells.
Aiming: Flame Tongue (safe; 9% risk of failure)
Press: ? - help, Shift-Dir - straight line, f/p - worker ant
Aim: a worker ant (heavily wounded)
The flame tongue hits the worker ant.
The worker ant is heavily wounded.
The worker ant closely misses you.
Unknown command.
You hit the worker ant. You burn the worker ant.
The worker ant is severely wounded.
The worker ant bites you.
You die...

##### ....#### ###
..≈.≈..# ..#
.≈.≈)≈.##
#####.#####
.#...#..#
#..@a.....#
##.≈.##.# #
#.###.###.#
.#...##.# #.##.###.#
##.≈.##.# #........#
##...##.######.#####
.#.≈.##........#
.#...#...#####.#
##≈_≈###.#####.#
#≈≈≈# #.##....#


You could see a worker ant.

Vanquished Creatures
  An adder (D:3)
  An ooze (D:1)
  A giant cockroach (D:2)
  3 goblins
  A hobgoblin (D:2)
  2 kobolds (D:2)
  A ball python (D:2)
  3 frilled lizards
  3 rats
16 creatures vanquished.

Notes
Turn   | Place    | Note
-------+----------+-------------------------------------------
     0 | D:1      | 4thArraOfDagon the Mummy Fire Elementalist began the quest for the Orb.
     0 | D:1      | Reached XP level 1. HP: 13/13 MP: 4/4
   103 | D:1      | Reached skill level 1 in Conjurations
   205 | D:2      | Found a sacrificial altar of Ru.
   213 | D:2      | Became a worshipper of Ru the Awakened
   235 | D:3      | Reached skill level 3 in Spellcasting
   235 | D:3      | Reached XP level 2. HP: 19/19 MP: 1/6
   746 | D:2      | Slain by a worker ant

Vault maps used:
D:1:      tarquinn_simple_flora_water_d
D:2:      nicolae_ru_path_of_blood, chequers_ecumenical_altar_simple_redux,
          makhleb_heckhound_becter
D:3:      first_ration, st_stairs_6

Skill      XL: |  1 |
---------------+----+-----
Conjurations   | 1 |  1.6
Spellcasting   | 3 |  3.1
Dodging        | |  1.5
Stealth        | |  1.5
Fire Magic     | |  2.8

Action                   || total
-------------------------++-------
Melee: Unarmed           ||     7
       Mace              ||     5
       Dagger            ||     2
 Cast: Flame Tongue      ||    36
  Use: Scroll            ||     3
 Stab: Sleeping          ||     1
Armor: Robe              ||     4
Dodge: Dodged            ||    23

Table legend:
 A = Spawn XP
 B = Non-spawn XP
 C = Spawn XP percentage of total XP
 D = Spawn monster count
 E = Non-spawn monster count
 F = Spawn count percentage of total count
 G = Total turns spent on level
                    A         B        C        D         E        F      G
               +---------+---------+-------+---------+---------+-------+---------
         Total |       0 |      40 |   0.0 |       0 |      16 |   0.0 |   746
               +---------+---------+-------+---------+---------+-------+---------
           D:1 |       0 |       8 |   0.0 |       0 |       3 |   0.0 |   175
           D:2 |       0 |      15 |   0.0 |       0 |      10 |   0.0 |   327
           D:3 |       0 |      17 |   0.0 |       0 |       3 |   0.0 |   244
               +---------+---------+-------+---------+---------+-------+---------
